 Dungeon Crawl Stone Soup version 0.13.0-9-gbc74161 (webtiles) character file.

46539 Lilouch the Protected (level 14, -32/98 HPs)
             Began as a Demonspawn Fighter on Oct 17, 2013.
             Was a High Priest of Nemelex Xobeh.
             Killed from afar by a blizzard demon (39 damage)
             ... with a bolt of lightning
             ... on Level 1 of the Abyss.
             The game lasted 03:11:06 (23873 turns).

Lilouch the Protected (Demonspawn Fighter)         Turns: 23873, Time: 03:11:08

HP -32/98        AC 22     Str 24      XL: 14   Next:  1%
MP   0/36        EV 16     Int 11      God: Nemelex Xobeh [*****.]
Gold 985         SH 25     Dex 18      Spells:  0 memorised, 13 levels left

Res.Fire  : . . .   See Invis. : .   X - +1,+5 orc flail (protect)
Res.Cold  : . . .   Warding    : .   i - +1 plate armour "Blelyihe" {Str+4 Dam+5}
Life Prot.: . . .   Conserve   : .   c - -2 shield
Res.Poison: .       Res.Corr.  : .   (helmet unavailable)
Res.Elec. : .       Clarity    : .   x - -2 cloak
Sust.Abil.: . .     Spirit.Shd : +   I - +0 pair of gauntlets
Res.Mut.  : .       Stasis     : .   B - -2 pair of boots
Res.Rott. : .       Flight     : .   h - amulet of the gourmand
Gourmand  : +                        E - ring of magical power
                                     Y - +5 ring of evasion

@: agile, somewhat resistant to hostile enchantments, extremely unstealthy
A: claws 2, hooves 2, horns 3, blurry vision 1, breathe flames 1, -10% hp,
powered by pain 2, regeneration 1, slow metabolism 1, magic shield, magic
regeneration
a: Draw One, Peek at Two, Triple Draw, Deal Four, Stack Five, Renounce Religion,
Breathe Fire


You were on level 1 of the Abyss.
You worshipped Nemelex Xobeh.
Nemelex Xobeh was extremely pleased with you.
You were very full.

You visited 3 branches of the dungeon, and saw 18 of its levels.
You visited the Abyss 1 time.

You collected 1373 gold pieces.
You spent 408 gold pieces at shops.

Inventory:

Hand weapons
 r - a +0 blowgun
 t - a +0,+0 short sword of draining
 M - a cursed -2,-1 orcish morningstar
 O - the +7,+9 dagger "Qaezxor" {stab, rF+ Int+4 SInv}
   (You found it on level 10 of the Dungeon)

   It inflicts extra damage upon your enemies.
   It affects your intelligence (+4).
   It protects you from fire.
   It enhances your eyesight.
 X - a +1,+5 orcish flail of protection (weapon)
Missiles
 j - 6 curare-tipped needles
 s - 6 exploding darts (quivered)
 A - 8 needles of slowing
 H - 47 poisoned needles
Armour
 c - a -2 shield (worn)
 i - the +1 plate armour "Blelyihe" (worn) {Str+4 Dam+5}
   (You found it on level 6 of the Dungeon)

   It affects your strength (+4).
   It affects your damage-dealing abilities (+5).
 x - a -2 cloak (worn)
 B - a -2 pair of boots (worn)
 I - a +0 pair of gauntlets (worn)
Magical devices
 n - a wand of slowing (0)
 u - a wand of draining (8) {unknown}
 G - a wand of digging (4)
 J - a wand of teleportation (0)
 Q - a wand of slowing (10)
Comestibles
 g - a bread ration
 D - 12 grapes
 N - an apple
Scrolls
 a - a scroll of magic mapping
 d - a scroll of blinking
 f - a scroll of remove curse
 m - 2 scrolls of immolation
 v - 2 scrolls of teleportation
Jewellery
 h - an amulet of the gourmand (around neck)
 w - an uncursed amulet of rage {unknown}
 y - an uncursed amulet of inaccuracy {unknown}
 C - an uncursed ring of ice
 E - a ring of magical power (right hand)
 K - an uncursed ring of magical power
 L - an uncursed ring of protection from cold {unknown}
 R - an uncursed amulet of warding
 S - an uncursed ring of teleportation
 Y - a +5 ring of evasion (left hand)
 Z - an uncursed ring of protection from magic {unknown}
Potions
 k - 7 potions of curing
 l - 2 potions of might
 z - 2 potions of mutation {unknown}
 F - 2 potions of coagulated blood
 P - a potion of cure mutation
 V - a potion of agility
 W - a potion of brilliance
Books
 b - a book of Minor Magic

   Spells                             Type                      Level
   Magic Dart                         Conjuration                  1
   Blink                              Translocation                2
   Call Imp                           Summoning                    2
   Repel Missiles                     Charms/Air                   2
   Slow                               Hexes                        2
   Conjure Flame                      Conjuration/Fire             3
   Mephitic Cloud                     Conjuration/Poison/Air       3
Miscellaneous
 e - an ornate deck of escape
 p - a stone of tremors (inert)
 U - a legendary deck of escape {drawn: 2}


   Skills:
 * Level 11.4 Fighting
   Level 1.0 Axes
 + Level 9.7 Maces & Flails
 + Level 12.3 Armour
 - Level 1.0 Dodging
 + Level 11.2 Shields
 - Level 10.0 Evocations


You had 13 spell levels left.
You didn't know any spells.

Dungeon Overview and Level Annotations

Branches:
Dungeon (16/27)            Temple (1/1) D:7             Orc (0/4) D:6
   Lair (1/8) D:11
 Vaults: D:15-20

Altars:
Ashenzari
Cheibriados
Elyvilon
Fedhas
Makhleb
Nemelex Xobeh
Okawaru
Trog
Vehumet
Xom
Yredelemnul
Zin
the Shining One
Jiyva

Shops:
D:12 +   D:14 /   D:15 *

Annotations:
D:9 exclusions: ice statue, orange crystal statue and silver statue
D:15 Louise


Innate Abilities, Weirdness & Mutations

You have very sharp fingernails.
You have hoof-like feet.
You have a pair of large horns on your head.
You sometimes gain power by taking damage.
When hurt, damage is shared between your health and your magic reserves.
You regenerate magic rapidly.
Your vision is a little blurry.
You can breathe flames.
You are frail (-10% HP).
Your natural rate of healing is unusually fast.
You have a slow metabolism.


Message History

You feel much better. The starspawn tentacle grabs you.
The starspawn tentacle constricts you.
You escape the starspawn tentacle's grasp.
A blizzard demon comes into view.
The blizzard demon shouts!
The Hell Sentinel gestures at you. The iron shot hits you!
Found a gateway leading deeper into the Abyss.
A yellow draconian skeleton comes into view.
The blizzard demon gestures at you. The bolt of cold misses you.
The Hell Sentinel gestures at you.
The hellfire explodes!
The blast of hellfire engulfs you!
* * * LOW HITPOINT WARNING * * *
You focus on the pain.
You feel more agile all of a sudden. The blizzard demon gestures at you.
The bolt of lightning hits you!
You die...
Your body glows with a rainbow of weird colours and disappears.

... ................
#.....โ‰ˆ
.....2.x... #
.#..โ‰ˆ#..##..##..#
.. #..
#โ‰ˆ#..##x.##..##..#
..
#.#z..##....#.....
.# .ยง####...1...#.#
.#. #.#.##....###
..#.
#....##.#..>#...#
##.###.#@....# ##
##...###.# #.#.##
#.### . #. #


You could see a Hell Sentinel, a blizzard demon and a small abomination.

Vanquished Creatures
  Kirke (D:14)
  Snorg (D:16)
  Josephine (D:16)
  A rakshasa (D:15)
  A thrashing horror (Abyss:1)
  Nergalle (D:16)
  2 centaur warriors
  4 skeletal warriors (D:16)
  4 large abominations (Abyss:1)
  2 unseen horrors
  6 hill giants
  Urug (D:12)
  An oklob plant (D:13)
  3 cyclopes
  An orc knight (D:16)
  A wolf spider (D:16)
  A griffon (D:14)
  An apocalypse crab (Abyss:1)
  2 orange demons (Abyss:1)
  2 spiny frogs (Lair:1)
  An item mimic (D:14)
  2 smoke demons (Abyss:1)
  A feature mimic (D:13)
  An ancient zyme (Abyss:1)
  2 komodo dragons
  A hydra zombie (D:13)
  6 trolls
  A polar bear (D:9)
  Sonja (D:12)
  4 two-headed ogres
  Prince Ribbit (D:8)
  A hydra skeleton (D:12)
  A griffon zombie (D:12)
  6 spectral orcs (D:16)
  3 vampires
  3 trapdoor spiders
  A shadow (D:16)
  6 slime creatures (D:13)
  A wraith (D:16)
  11 yaks
  3 water elementals (D:13)
  3 sharks
  2 dragon skeletons
  2 hill giant zombies
  An octopode (Abyss:1)
  8 ugly things
  A ynoxinul (Abyss:1)
  3 hippogriffs
  3 hungry ghosts
  Grum (D:8)
  A chaos spawn (Abyss:1)
  2 hill giant skeletons (D:14)
  2 hogs (D:14)
  A vampire mosquito (D:13)
  A soldier ant (D:14)
  Menkaure (D:5)
  3 wolves
  3 manticores
  A porcupine (Lair:1)
  A necrophage (D:5)
  2 neqoxecs
  A mottled dragon (D:14)
  10 orc warriors
  4 small abominations (Abyss:1)
  A freezing wraith (D:14)
  4 ice beasts
  A human (D:9)
  2 giant goldfish
  3 sky beasts
  8 ogres
  11 starcursed masses (Abyss:1)
  14 centaurs
  A hill giant simulacrum (D:9)
  A komodo dragon zombie (D:15)
  A crocodile (D:12)
  4 giant slugs (Lair:1)
  7 big kobolds
  13 giant frogs
  2 water moccasins
  4 brain worms (D:13)
  An agate snail (Lair:1)
  2 cyclops zombies
  A wyvern zombie (D:9)
  A cyclops skeleton (D:14)
  An eye of draining (D:13)
  16 killer bees
  A troll zombie (D:10)
  15 wights
  10 jellyfish
  2 big fish
  4 hounds
  2 goliath beetles
  A two-headed ogre zombie (D:11)
  A cyclops simulacrum (D:16)
  8 crimson imps
  5 electric eels
  A quasit (D:9)
  6 scorpions
  A black bear zombie (D:6)
  13 orc wizards
  An iron imp (Abyss:1)
  5 orc priests
  A basilisk skeleton (D:16)
  6 jellies
  3 iguanas
  2 centaur skeletons
  10 worker ants
  4 sheep (D:9)
  A mottled dragon skeleton (D:16)
  2 ogre skeletons
  A hound zombie (D:10)
  A hound skeleton (D:6)
  A mummy (D:8)
  21 adders
  6 gnolls
  A lemure (D:9)
  A white imp (D:9)
  2 giant centipedes
  2 giant mites
  2 worms
  6 ufetubi
  An iguana skeleton (D:6)
  2 worm simulacra (D:9)
  A giant centipede zombie (D:15)
  3 giant eyeballs
  A scorpion simulacrum (D:9)
  7 giant geckos
  An iguana simulacrum (D:9)
  5 oozes
  45 orcs
  3 ball pythons
  5 giant cockroaches
  10 goblins
  16 hobgoblins
  10 quokkas
  12 bats
  A giant gecko skeleton (D:8)
  A giant newt (D:2)
  2 giant spores
  12 jackals
  36 kobolds
  A quokka zombie (D:8)
  19 rats
  A rat zombie (D:5)
  2 ballistomycetes
  2 butterflies (D:7)
  3 fungi
  A plant (D:4)
602 creatures vanquished.

Vanquished Creatures (others)
  A wizard (D:6)
  A human (D:14)
  A centaur (D:14)
  An orc warrior (D:16)
  A jellyfish (D:13)
  An orc priest (D:16)
  An orc (D:16)
  A kobold skeleton (D:5)
  A ballistomycete (D:16)
  A fungus (D:4)
  6 starspawn tentacles (Abyss:1)
  62 starspawn tentacle segments (Abyss:1)
78 creatures vanquished.

Grand Total: 680 creatures vanquished

Notes
Turn   | Place    | Note
--------------------------------------------------------------
     0 | D:1      | Lilouch, the Demonspawn Fighter, began the quest for the Orb.
     0 | D:1      | Reached XP level 1. HP: 18/18 MP: 0/0
   159 | D:1      | Gained mutation: When hurt, damage is shared between your health and your magic reserves. [demonic ancestry]
   159 | D:1      | Reached XP level 2. HP: 24/24 MP: 1/1
   728 | D:2      | Gained mutation: You sometimes gain a little power by taking damage. [demonic ancestry]
   728 | D:2      | Reached XP level 3. HP: 13/30 MP: 0/2
  1250 | D:2      | Gained mutation: You have sharp fingernails. [demonic ancestry]
  1250 | D:2      | Reached XP level 4. HP: 36/36 MP: 3/3
  1339 | D:2      | Found a glowing silver altar of Zin.
  1888 | D:3      | Found a glowing golden altar of the Shining One.
  2377 | D:3      | Gained mutation: You have large cloven feet. [demonic ancestry]
  2377 | D:3      | Reached XP level 5. HP: 34/41 MP: 4/4
  2771 | D:4      | Reached skill level 4 in Armour
  3007 | D:4      | Found a sparkling altar of Nemelex Xobeh.
  3017 | D:4      | Became a worshipper of Nemelex Xobeh
  3224 | D:4      | Found a blossoming altar of Fedhas.
  3256 | D:4      | Received a gift from Nemelex Xobeh
  3261 | D:4      | Gained mutation: Your digestive system is specialised to digest meat. [helix card]
  3262 | D:4      | Reached skill level 6 in Armour
  3262 | D:4      | Reached skill level 5 in Shields
  3262 | D:4      | Reached skill level 5 in Evocations
  3262 | D:4      | Gained mutation: You have a pair of small horns on your head. [demonic ancestry]
  3262 | D:4      | Reached XP level 6. HP: 48/48 MP: 2/10
  3409 | D:4      | Gained mutation: You have a fast metabolism. [helix card]
  3411 | D:4      | Reached skill level 7 in Armour
  3411 | D:4      | Reached skill level 9 in Evocations
  3411 | D:4      | Gained mutation: You have a pair of horns on your head. [demonic ancestry]
  3411 | D:4      | Reached XP level 7. HP: 53/53 MP: 10/17
  3416 | D:4      | Lost mutation: You have a fast metabolism. [helix card]
  3416 | D:4      | Gained mutation: You are clumsy. (Dex -2) [helix card]
  3424 | D:4      | Acquired Nemelex Xobeh's first power
  3426 | D:4      | Lost mutation: You are clumsy. (Dex -2) [helix card]
  3823 | D:5      | Entered Level 5 of the Dungeon
  3855 | D:5      | Found a viscous altar of Jiyva.
  3913 | D:5      | Reached skill level 1 in Axes
  3951 | D:5      | Noticed Menkaure
  4278 | D:5      | Killed Menkaure
  4278 | D:5      | Reached skill level 1 in Dodging
  4278 | D:5      | Gained mutation: You sometimes gain power by taking damage. [demonic ancestry]
  4278 | D:5      | Reached XP level 8. HP: 31/60 MP: 9/18
  4733 | D:5      | Acquired Nemelex Xobeh's second power
  4752 | D:5      | Paralysed by a giant eyeball for 2 turns
  4755 | D:5      | Paralysed by a giant eyeball for 2 turns
  4907 | D:5      | Received a gift from Nemelex Xobeh
  5051 | D:6      | Found a shimmering altar of Xom.
  5258 | D:6      | Found a bloodstained altar of Trog.
  5260 | D:6      | Noticed a wizard
  5264 | D:6      | Killed a wizard
  5838 | D:6      | Reached skill level 10 in Evocations
  5838 | D:6      | Reached XP level 9. HP: 53/65 MP: 16/21
  5884 | D:6      | Found a staircase to the Orcish Mines.
  6790 | D:6      | Got a slimy plate armour
  6813 | D:6      | Identified the +1 plate armour "Blelyihe" {Str+4 Dam+5} (You found it on level 6 of the Dungeon)
  7441 | D:7      | Found a white marble altar of Elyvilon.
  7837 | D:7      | Reached skill level 5 in Maces & Flails
  7852 | D:7      | Found a staircase to the Ecumenical Temple.
  7862 | Temple   | Entered the Ecumenical Temple
  8328 | D:8      | Noticed Prince Ribbit
  8359 | D:8      | Noticed Grum
  8361 | D:8      | Reached XP level 10. HP: 66/71 MP: 22/22
  8374 | D:8      | Killed Grum
  8427 | D:8      | Killed Prince Ribbit
  9665 | D:9      | Noticed an ice statue
  9808 | D:9      | Reached skill level 10 in Armour
  9812 | D:9      | Received a gift from Nemelex Xobeh
  9959 | D:9      | Got a heavily runed ring mail
  9964 | D:9      | Acquired Nemelex Xobeh's third power
 10262 | D:10     | Entered Level 10 of the Dungeon
 10324 | D:10     | Got a fine dagger
 10528 | D:10     | Noticed a hill giant
 10536 | D:10     | Killed a hill giant
 10536 | D:10     | Gained mutation: You regenerate magic rapidly. [demonic ancestry]
 10536 | D:10     | Reached XP level 11. HP: 77/77 MP: 23/23
 10989 | D:11     | Paralysed by a giant eyeball for 3 turns
 11002 | D:11     | Paralysed by a giant eyeball for 4 turns
 11328 | D:11     | Found a staircase to the Lair.
 11349 | Lair:1   | Entered Level 1 of the Lair of Beasts
 11470 | Lair:1   | Identified the +2 ring mail of Failure {Dex+1 Int+3} (You found it on level 9 of the Dungeon)
 11504 | Lair:1   | Identified the dagger "Qaezxor" {stab, rF+ Int+4 SInv} (You found it on level 10 of the Dungeon)
 11756 | Lair:1   | Noticed a hill giant
 11773 | Lair:1   | Killed a hill giant
 11880 | Lair:1   | Reached skill level 5 in Fighting
 12855 | D:11     | Noticed a hill giant
 12884 | D:11     | Killed a hill giant
 13306 | D:12     | Noticed Sonja
 15365 | D:12     | Found Odwaetox's Book Shoppe.
 15563 | D:12     | Killed Sonja
 15637 | D:12     | Noticed Urug
 15652 | D:12     | Killed Urug
 16003 | D:12     | Noticed a hill giant
 16010 | D:12     | Killed a hill giant
 16010 | D:12     | Reached XP level 12. HP: 40/89 MP: 22/25
 16555 | D:12     | Reached skill level 11 in Armour
 16706 | D:12     | Gained mutation: You have a slow metabolism. [mutagenic meat]
 16707 | D:12     | Gained mutation: You have a pair of large horns on your head. [mutagenic meat]
 17481 | D:13     | Reached skill level 10 in Shields
 18216 | D:13     | Lost mutation: Your digestive system is specialised to digest meat. [a neqoxec]
 18435 | D:13     | Noticed an eight-headed hydra
 18442 | D:14     | Entered Level 14 of the Dungeon
 18459 | D:14     | Found Allupt's Magical Wand Shop.
 18463 | D:14     | Bought a wand of digging (4) for 192 gold pieces
 18463 | D:14     | Bought a wand of teleportation (2) for 216 gold pieces
 18678 | D:14     | Noticed Kirke
 18771 | D:14     | Killed Kirke
 19181 | D:14     | Acquired Nemelex Xobeh's fourth power
 20008 | D:14     | Gained mutation: You are frail (-10% HP). [mutagenic glow]
 21053 | D:14     | Received a gift from Nemelex Xobeh
 21420 | D:15     | Entered Level 15 of the Dungeon
 21446 | D:15     | Noticed Louise
 21462 | D:16     | Gained mutation: You have hoof-like feet. [demonic ancestry]
 21462 | D:16     | Reached XP level 13. HP: 57/89 MP: 25/25
 21569 | D:16     | Noticed Josephine
 21578 | D:16     | Killed Josephine
 21603 | D:16     | Noticed Nergalle
 21636 | D:16     | Killed Nergalle
 21721 | D:16     | Found an iron altar of Okawaru.
 22050 | D:16     | Reached skill level 10 in Fighting
 22391 | D:16     | Reached skill level 12 in Armour
 22396 | D:16     | Received a gift from Nemelex Xobeh
 22447 | D:16     | Noticed Snorg
 22622 | D:16     | Killed Snorg
 22938 | D:15     | Gained mutation: You can breathe flames. [mutagenic meat]
 22940 | D:15     | Gained mutation: Your vision is a little blurry. [mutagenic meat]
 22941 | D:15     | Gained mutation: Your natural rate of healing is unusually fast. [mutagenic meat]
 23150 | D:15     | Found Addaewk's Blood Bar.
 23207 | D:15     | Cast into the Abyss (Louise)
 23207 | Abyss:1  | Found a corrupted altar of Lugonu.
 23236 | Abyss:1  | Acquired Nemelex Xobeh's fifth power
 23375 | Abyss:1  | Noticed a tentacled starspawn
 23559 | Abyss:1  | Found an ancient bone altar of Kikubaaqudgha.
 23656 | Abyss:1  | Noticed a starcursed mass
 23660 | Abyss:1  | Killed a starcursed mass
 23663 | Abyss:1  | Killed a starcursed mass
 23665 | Abyss:1  | Killed a starcursed mass
 23666 | Abyss:1  | Killed a starcursed mass
 23667 | Abyss:1  | Killed a starcursed mass
 23668 | Abyss:1  | Killed a starcursed mass
 23669 | Abyss:1  | Killed a starcursed mass
 23671 | Abyss:1  | Killed a starcursed mass
 23695 | Abyss:1  | Noticed a starcursed mass
 23714 | Abyss:1  | Noticed a lich
 23727 | Abyss:1  | Paralysed by accursed screaming for 1 turns
 23745 | Abyss:1  | Paralysed by accursed screaming for 1 turns
 23755 | Abyss:1  | Killed a starcursed mass
 23755 | Abyss:1  | Killed a starcursed mass
 23755 | Abyss:1  | Killed a starcursed mass
 23817 | Abyss:1  | Gained mutation: You have very sharp fingernails. [demonic ancestry]
 23817 | Abyss:1  | Reached XP level 14. HP: 77/98 MP: 24/27
 23836 | Abyss:1  | Noticed a tentacled starspawn
 23853 | Abyss:1  | Noticed a starcursed mass
 23857 | Abyss:1  | Noticed a Hell Sentinel
 23873 | Abyss:1  | Killed from afar by a blizzard demon

Action                   |  1- 3 |  4- 6 |  7- 9 | 10-12 | 13-15 || total
-------------------------+-------+-------+-------+-------+-------++-------
Melee: Mace              |   141 |   187 |     6 |       |       ||   334
       Flail             |       |    48 |   380 |   969 |   385 ||  1782
       Short sword       |       |       |       |    18 |       ||    18
       Dagger            |       |       |       |    16 |       ||    16
Throw: Stone             |       |       |     1 |       |       ||     1
       Dart              |       |       |       |       |     1 ||     1
Evoke: Deck              |       |     4 |    13 |     3 |       ||    20
       Wand              |       |       |       |     1 |     1 ||     2
       Miscellaneous     |       |       |       |       |     1 ||     1
  Use: Potion            |       |       |     5 |     5 |     5 ||    15
       Scroll            |       |       |     4 |    12 |     7 ||    23
